 Dungeon Crawl Stone Soup version 0.17-a0-2098-gf59d6bc (webtiles) character file.

8018 st0uf the Basher (level 11, -15/86 HPs)
             Began as a Minotaur Monk on Oct 17, 2015.
             Was an Elder of Yredelemnul.
             Shot with a poisoned arrow by Nessos (21 damage)
             ... on level 12 of the Dungeon.
             The game lasted 01:06:22 (9367 turns).

st0uf the Basher (Minotaur Monk)                    Turns: 9367, Time: 01:06:22

Health: -15/86     AC: 10    Str: 19    XL:     11   Next: 4%
Magic:  16/16      EV: 12    Int:  7    God:    Yredelemnul [****..]
Gold:   412        SH:  6    Dex: 19    Spells: 0 memorised, 10 levels left

rFire  . . .     SeeInvis +     C - +2 flail (crush)
rCold  + . .     Clarity  .     H - +0 scale mail {rC+}
rNeg   . . .     SustAt   .     F - +0 buckler
rPois  .         Gourm    .     (helmet restricted)
rElec  .         Spirit   .     W - +0 cloak
rCorr  .         Warding  .     q - +0 pair of gloves
rMut   .         Stasis   +     (no boots)
MR     .....                    s - amulet of stasis
Stlth  +.........               a - +6 ring of dexterity
                                G - ring of see invisible

@: lethally poisoned (-15 -> -18), not resistant to hostile enchantments, very
unstealthy
A: retaliatory headbutt, horns 2
a: Recall Undead Slaves, Injury Mirror, Animate Dead, Drain Life, Renounce
Religion


You were on level 12 of the Dungeon.
You worshipped Yredelemnul.
Yredelemnul was greatly pleased with you.
You were not hungry.

You visited 1 branch of the dungeon, and saw 12 of its levels.
You also visited: Sewer and Ossuary.

You collected 532 gold pieces.
You spent 120 gold pieces at shops.

Inventory:

Hand Weapons
 C - a +2 flail of crushing (weapon)
 N - a +0 blowgun
Missiles
 f - 6 poisoned tomahawks (quivered)
 K - 69 poisoned needles
Armour
 q - a +0 pair of gloves (worn)
 F - a +0 buckler (worn)
 H - a +0 scale mail of cold resistance (worn)
 W - a +0 cloak (worn)
Jewellery
 a - a +6 ring of dexterity (right hand)
 m - an uncursed ring of protection from cold
 s - an amulet of stasis (around neck)
 w - an uncursed ring of positive energy
 G - a ring of see invisible (left hand)
 I - an uncursed ring of protection from fire
 J - an uncursed ring of protection from magic
Wands
 o - a wand of polymorph (4)
 v - a wand of teleportation (2)
 y - a wand of slowing (28)
 O - a wand of frost (7)
Scrolls
 i - 5 scrolls of enchant weapon {unknown}
 k - a scroll of magic mapping
 l - 3 scrolls of identify
 n - 5 scrolls of teleportation
 p - 8 scrolls of remove curse
 u - 7 scrolls of fog
 B - 3 scrolls of immolation {unknown}
 D - 4 scrolls of fear
 M - 2 scrolls of blinking {unknown}
 Q - a scroll of acquirement
 R - 2 scrolls of summoning {unknown}
Potions
 c - 2 potions of agility
 e - a potion of haste
 h - 7 potions of brilliance
 t - a potion of heal wounds
 z - 7 potions of curing
 A - 2 potions of berserk rage
 E - 2 potions of flight
 S - 2 potions of ambrosia
 T - 3 potions of invisibility
Comestibles
 b - 9 bread rations
 d - 4 meat rations
 g - 8 fruits
 j - 2 chunks of flesh
 x - 3 beef jerkies


   Skills:
 - Level 5.0 Fighting
 + Level 13.5 Maces & Flails
 + Level 7.8 Armour
 - Level 3.2 Dodging
 - Level 1.5 Stealth
 - Level 5.0 Shields
 - Level 4.3 Unarmed Combat
 - Level 9.0 Invocations


You had 10 spell levels left.
You didn't know any spells.

Dungeon Overview and Level Annotations

Branches:
Dungeon (12/15)            Temple (0/1) D:4
   Lair: D:8-11         Orc: D:9-12

Altars:
Ashenzari
Kikubaaqudgha
Qazlal
Sif Muna
Vehumet
Yredelemnul
Zin

Shops:
D:7 *

Annotations:
D:12 Nessos


Innate Abilities, Weirdness & Mutations

You reflexively headbutt those who attack you in melee.
You have a pair of horns on your head.


Message History

You hit Nessos but do no damage.
Nessos is almost dead.
You feel sick. Nessos closely misses you. You furiously retaliate!
You headbutt Nessos, but do no damage. Nessos hits you!
You sock Nessos!
Nessos is almost dead.
Nessos blinks!
You feel sick.
Nessos blinks!
Nessos wields an uncursed longbow of flaming.
It bursts into flame!
Nessos shoots a poisoned arrow.
The poisoned arrow closely misses you.
You feel sick.
Nessos shoots a poisoned arrow.
The poisoned arrow hits you. The poisoned arrow burns you.
Nessos shoots a poisoned arrow.
The poisoned arrow hits you!
* * * LOW HITPOINT WARNING * * *
The poisoned arrow burns you.
* * * LOW HITPOINT WARNING * * *
Nessos shoots a poisoned arrow.
The poisoned arrow hits you!!
You die...
Your body rises from the dead as a mindless zombie.

##...(.#
##..#
#.....#
##.#
##..(..#
#..#
#......#
##.#
#(ยง....#
.#
#.....##
..
##...Z.#
#.#
#......#
##...@.#
#.....#
#....c#
#.....#
##....#
#....#
##...#
#...#


You could see Nessos and a friendly ogre zombie.

Vanquished Creatures
  A griffon (D:11)
  Maurice (D:9)
  A freezing wraith (D:9)
  A wyvern (D:9)
  A water elemental (D:12)
  A wraith (D:8)
  A steam dragon (D:9)
  A deep elf mage (D:12)
  A hippogriff (D:10)
  3 vampire mosquitoes (D:12)
  Edmund (D:5)
  2 phantoms
  Purgy (Sewer)
  2 wasps
  2 sky beasts (D:6)
  2 orc warriors
  A black bear (D:10)
  7 ogres
  3 centaurs
  2 ice beasts
  3 crocodiles
  2 big kobolds
  Blork the orc (D:5)
  6 giant frogs
  2 water moccasin zombies
  4 scorpions
  5 wights
  12 bog bodies (Ossuary)
  A crimson imp (D:8)
  A giant frog zombie (Ossuary)
  6 orc priests
  2 giant frog skeletons
  5 hounds
  Ijyb (D:3)
  4 orc wizards
  6 worker ants
  2 iguanas
  A killer bee zombie (D:6)
  A hound zombie (Ossuary)
  A hound skeleton (D:5)
  7 mummies (Ossuary)
  Robin (D:3)
  4 worker ant zombies (Ossuary)
  17 adders
  3 shadow imps
  2 oozes
  2 adder skeletons
  An adder zombie (Ossuary)
  2 worms
  5 giant geckos
  22 orcs
  7 giant cockroaches
  13 goblins
  4 hobgoblins
  10 jackals
  15 kobolds
  A ball python (D:4)
  6 bats
  A giant gecko zombie (Ossuary)
  9 giant newts
  2 jackal skeletons
  5 quokkas
  A quokka skeleton (D:8)
  7 rats
248 creatures vanquished.

Vanquished Creatures (collateral kills)
  A two-headed ogre (D:10)
  A deep elf mage (D:11)
  A hungry ghost (D:9)
  A wolf (D:11)
  A steam dragon (D:10)
  2 ogres
  3 wights (D:10)
  3 hounds
  2 centaur skeletons
  An orc wizard (D:8)
  A worker ant (D:4)
  2 hound zombies
  A mummy (Ossuary)
  A worker ant zombie (D:7)
  An adder (D:5)
  4 orcs
  A giant cockroach (D:5)
27 creatures vanquished.

Vanquished Creatures (others)
  A griffon zombie (D:11)
  A wraith (D:11)
  3 vampire mosquito zombies (D:12)
  A hippogriff zombie (D:10)
  2 wights (D:11)
  A giant frog zombie (D:8)
  A hound (D:11)
  A crocodile zombie (D:9)
  A worker ant zombie (D:5)
  An adder zombie (D:5)
  An iguana zombie (D:5)
  A ball python zombie (D:4)
  A giant gecko zombie (D:11)
  A kobold zombie (D:9)
  5 orc zombies
  2 plants (Ossuary)
24 creatures vanquished.

Grand Total: 299 creatures vanquished

Notes
Turn   | Place    | Note
--------------------------------------------------------------
     0 | D:1      | st0uf the Minotaur Monk began the quest for the Orb.
     0 | D:1      | Reached XP level 1. HP: 19/19 MP: 0/0
   225 | D:1      | Reached XP level 2. HP: 25/28 MP: 1/1
   588 | D:2      | Reached skill level 5 in Fighting
   629 | D:2      | Reached XP level 3. HP: 28/36 MP: 2/2
   663 | D:2      | Found a deep blue altar of Sif Muna.
   663 | D:2      | Found an ancient bone altar of Kikubaaqudgha.
   703 | D:2      | Reached skill level 1 in Maces & Flails
   918 | D:3      | Noticed an ice beast
   935 | D:3      | Killed an ice beast
   935 | D:3      | Reached XP level 4. HP: 42/42 MP: 3/3
   935 | D:3      | Reached XP level 5. HP: 48/48 MP: 4/4
  1129 | D:3      | Found a radiant altar of Vehumet.
  1244 | D:3      | Noticed Robin
  1256 | D:3      | Killed Robin
  1260 | D:3      | Reached skill level 5 in Maces & Flails
  1325 | D:3      | Noticed Ijyb
  1335 | D:3      | Killed Ijyb
  1498 | D:3      | Found a basalt altar of Yredelemnul.
  1506 | D:3      | Became a worshipper of Yredelemnul the Dark
  1506 | D:3      | Reached * piety under Yredelemnul
  1506 | D:3      | Reached ** piety under Yredelemnul
  1958 | D:4      | Found a staircase to the Ecumenical Temple.
  1984 | D:4      | Noticed a phantom
  2039 | D:4      | Reached skill level 6 in Maces & Flails
  2051 | D:4      | Reached XP level 6. HP: 50/56 MP: 5/5
  2182 | D:4      | Noticed an ogre
  2189 | D:4      | Killed an ogre
  2189 | D:4      | Reached skill level 7 in Maces & Flails
  2471 | D:4      | Killed a phantom
  2843 | D:4      | Reached skill level 8 in Maces & Flails
  2843 | D:4      | Reached skill level 1 in Invocations
  2843 | D:4      | Reached XP level 7. HP: 61/61 MP: 6/6
  3167 | D:4      | Found Zin's Purification Station.
  3190 | D:4      | Found a glowing silver altar of Zin.
  3203 | D:4      | Bought a potion of curing for 90 gold pieces
  3258 | D:5      | Entered Level 5 of the Dungeon
  3284 | D:5      | Found a stormy altar of Qazlal.
  3742 | D:5      | Reached skill level 9 in Maces & Flails
  3843 | D:5      | Noticed Blork the orc
  3859 | D:5      | Killed Blork the orc
  3859 | D:5      | Reached XP level 8. HP: 50/68 MP: 9/9
  4116 | D:5      | Noticed Edmund
  4125 | D:5      | Killed Edmund
  4125 | D:5      | Reached skill level 1 in Shields
  4413 | D:6      | Reached *** piety under Yredelemnul
  4419 | D:6      | Gained mutation: Your body sometimes deteriorates upon taking damage. [mutagenic meat]
  4420 | D:6      | Gained mutation: You possess an exceptional clarity of mind. [mutagenic meat]
  4421 | D:6      | Gained mutation: You are agile. (Dex +2) [mutagenic meat]
  4422 | D:6      | Gained mutation: You evolve. [mutagenic meat]
  4512 | D:6      | Reached skill level 5 in Invocations
  4796 | D:6      | Lost mutation: You evolve. [mutagenic meat]
  4905 | D:6      | Found a glowing drain.
  4932 | Sewer    | Entered a sewer
  4944 | Sewer    | Noticed Purgy
  4948 | Sewer    | Killed Purgy
  5032 | Sewer    | Reached skill level 10 in Maces & Flails
  5519 | D:7      | Reached XP level 9. HP: 74/74 MP: 12/12
  5611 | D:7      | Found Jusineakum's General Store.
  5619 | D:7      | Bought 7 poisoned needles for 30 gold pieces
  5931 | D:8      | Found a sand-covered staircase.
  5936 | Ossuary  | Entered an ossuary
  5953 | Ossuary  | Reached skill level 5 in Shields
  6208 | Ossuary  | Reached skill level 11 in Maces & Flails
  6457 | D:8      | Received a gift from Yredelemnul
  7022 | D:8      | Reached **** piety under Yredelemnul
  7057 | D:8      | Found a shattered altar of Ashenzari.
  7277 | D:9      | Reached skill level 1 in Armour
  7277 | D:9      | Reached XP level 10. HP: 58/81 MP: 15/15
  7735 | D:9      | Noticed Maurice
  7939 | D:9      | Killed Maurice
  7939 | D:9      | Reached skill level 12 in Maces & Flails
  8188 | D:10     | Entered Level 10 of the Dungeon
  8216 | D:10     | Received a gift from Yredelemnul
  8224 | D:10     | Reached skill level 5 in Armour
  8372 | D:10     | Received a gift from Yredelemnul
  8706 | D:10     | Reached skill level 13 in Maces & Flails
  8727 | D:10     | Lost mutation: You are agile. (Dex +2) [potion of cure mutation]
  8727 | D:10     | Lost mutation: You possess an exceptional clarity of mind. [potion of cure mutation]
  8727 | D:10     | Lost mutation: Your body sometimes deteriorates upon taking damage. [potion of cure mutation]
  8729 | D:10     | Identified a scroll of acquirement
  8828 | D:11     | Noticed a griffon
  8840 | D:11     | Killed a griffon
  9169 | D:12     | Reached XP level 11. HP: 47/86 MP: 16/16
  9339 | D:12     | Noticed Nessos
  9367 | D:12     | Shot with a poisoned arrow by Nessos

Vault maps used:
D:1:      ncdulo_smallfort
D:2:      gammafunk_temple_overflow_elements
D:3:      lemuel_coloured_pillars_altar, lemuel_doored_altar, uniq_iyjb,
          uniq_robin
D:4:      zin_purify, minmay_temple_entry_crystal_x, grunt_ministairs_6
D:5:      old_standard_altar, first_bread, roderic_serpentine_path, uniq_edmund,
          uniq_blork_the_orc
D:6:      gup_sewer_entry_glass
D:7:      serial_shops, shop
D:8:      kennysheep_mini, nicolae_ossuary_entry_false_entrances
D:9:      minmay_diamond_stairs, uniq_maurice
D:11:     erik_lair_island, minmay_orc_entry_guard_dogs
D:12:     uniq_frances, uniq_psyche, uniq_nessos
Sewer:    kennysheep_door_sewer
Ossuary:  ossuary_zaba_flooded

Action                   |  1- 3 |  4- 6 |  7- 9 | 10-12 || total
-------------------------+-------+-------+-------+-------++-------
Melee: Mace              |    85 |   116 |   114 |       ||   315
       Unarmed           |     1 |    14 |       |       ||    15
       Flail             |       |       |   255 |   193 ||   448
Invok: Animate Remains   |       |     3 |     7 |       ||    10
       Animate Dead      |       |       |    13 |    12 ||    25
  Use: Potion            |     1 |       |       |     5 ||     6
       Scroll            |       |       |     6 |    13 ||    19
 Stab: Distracted        |       |       |     1 |     4 ||     5
  Eat: Chunk             |       |     6 |    18 |     7 ||    31
       Royal jelly       |       |       |     1 |       ||     1
       Fruit             |       |       |     1 |       ||     1
       Pizza             |       |       |       |     1 ||     1
